AoeStats
← IdliDosa

Nomad

506637674Analyzed
2v2 RM · 17d ago on Sep 14, 2026· 27m 34s· 4 players
Game mode
Random Map
Map size
176×176
Population
200
Speed
Normal
Resources
Standard
Victory
Conquest
Starting age
Dark Age
Ending age
Imperial Age
RankedLock teamsTeams togetherTeam positionsShared explorationLock speedFull tech treeHidden civsTurbo modeCheats
Victory
Defeat
🇨🇭 Ethiopians · Switzerland
1231
+17
🇨🇭 Vikings · Switzerland
1230
+16
🇳🇱 Khmer · Netherlands
1262
-17
🇮🇳 Mongols · India
1228
-16
FreshDumbledore
5:14 Loom
13:09 Feudal Age
21:35 Castle Age
19:41 Double-Bit Axe
20:39 Fletching
26:36 Scale Mail Armor
SirTimotheus
4:45 Loom
12:29 Feudal Age
15:42 Fletching
22:09 Castle Age
20:35 Double-Bit Axe
23:50 Bodkin Arrow
IdliDosa
5:04 Loom
13:51 Feudal Age
14:57 Double-Bit Axe
16:37 Fletching
29:27 Castle Age
CaptainCarrot
6:06 Loom
13:01 Feudal Age
13:53 Double-Bit Axe
13:34 Man-at-Arms
25:27 Castle Age
25:38 Crossbowman
26:09 Fletching
Connection lost

Rejoining the realm…

Still unreachable

The connection could not be restored.

Session expired

The server has moved on; the page needs a fresh start.